 Dungeon Crawl Stone Soup version 0.24-a0-520-g8fd06ad (webtiles) character file.

Game seed: 16013958492424574707

17498 Dorkslayer the Corrupter of Planes (level 12, -3/94 HPs)
             Began as a Demonspawn Abyssal Knight on June 26, 2019.
             Was the Champion of Lugonu.
             Slain by a centaur warrior (6 damage)
             ... on level 11 of the Dungeon on July 23, 2019.
             The game lasted 01:15:08 (12484 turns).

Dorkslayer the Corrupter of Planes (DsAK)          Turns: 12484, Time: 01:15:08

Health: -3/94      AC: 17    Str: 19    XL:     12   Next: 19%
Magic:  0/18       EV:  9    Int: 17    God:    Lugonu [******]
Gold:   714        SH:  0    Dex: 15    Spells: 11/11 levels left

rFire    . . .     SeeInvis .   N - +0 broad axe (elec)
rCold    . . .     Gourm    .   (no shield)
rNeg     . . .     Faith    .   u - +0 plate armour
rPois    +         Spirit   +   r - +1 hat {MR+}
rElec    .         Reflect  .   E - +0 cloak
rCorr    .         Harm     .   i - +0 pair of gloves {Str+3}
MR       ++...                  (no boots)
Stlth    ..........             (no amulet)
HPRegen  0.25/turn              v - ring of poison resistance
MPRegen  0.16/turn              A - ring of protection from magic

@: no status effects
A: horns 2, agile 1, clever 1, magic shield
a: Depart the Abyss, Bend Space, Banish, Corrupt, Enter the Abyss, Brand Weapon
With Distortion, Renounce Religion


You were on level 11 of the Dungeon.
You worshipped Lugonu.
Lugonu was exalted by your worship.
You were not hungry.

You visited 1 branch of the dungeon, and saw 11 of its levels.
You visited the Abyss 1 time.
You also visited: Ossuary.

You collected 1036 gold pieces.
You spent 322 gold pieces at shops.

Inventory:

Hand Weapons
 p - a +0 broad axe
 y - a +5 flail of crushing
 N - a +0 broad axe of electrocution (weapon)
Armour
 i - a +0 pair of gloves of strength (worn)
 r - a +1 hat of magic resistance (worn)
 u - a +0 plate armour (worn)
 E - a +0 cloak (worn)
Jewellery
 a - an uncursed ring of flight
 d - an uncursed ring of protection from cold
 q - an uncursed ring of stealth
 v - a ring of poison resistance (left hand)
 A - a ring of protection from magic (right hand)
 F - an uncursed ring of positive energy
Wands
 w - a wand of iceblast (9)
 J - a wand of flame (1)
Scrolls
 g - 5 scrolls of remove curse
 j - a scroll of enchant armour
 n - 6 scrolls of teleportation
 s - 7 scrolls of identify
 t - 4 scrolls of magic mapping
 G - 2 scrolls of fog
 H - 2 scrolls of amnesia
Potions
 b - a potion of resistance
 e - 3 potions of flight
 k - 2 potions of brilliance
 x - a potion of magic
 B - a potion of agility
 C - a potion of mutation
 L - a potion of cancellation
Miscellaneous
 h - a fan of gales (inert)
Comestibles
 c - 18 rations
 f - 5 chunks of flesh


   Skills:
 * Level 8.5 Fighting
 * Level 6.3(6.7) Axes
 - Level 3.2(6.2) Maces & Flails
   Level 5.1(5.6) Staves
 * Level 6.0 Throwing
 * Level 8.4 Armour
 * Level 6.2 Dodging
 * Level 9.1 Invocations
 * Level 6.3 Evocations


You had 11 spell levels left.
You didn't know any spells.
Your spell library contained the following spells:

 Spells                   Type           Power        Failure   Level  Hunger
 Beastly Appendage        Tmut           #.....       99%         1    ##.....
 Flame Tongue             Conj/Fire      #....        99%         1    ##.....
 Magic Dart               Conj           #...         99%         1    ##.....
 Sandblast                Erth           #.....       99%         1    ##.....
 Sting                    Conj/Pois      #...         99%         1    ##.....
 Ensorcelled Hibernation  Hex/Ice        #.....       100%        2    ###....
 Poisonous Vapours        Pois/Air       #.....       100%        2    ###....
 Searing Ray              Conj           #.....       100%        2    ###....
 Dazzling Spray           Conj/Hex       #.....       100%        3    ####...
 Mephitic Cloud           Conj/Pois/Air  #.......     100%        3    ####...
 Force Lance              Conj/Tloc      #.......     100%        4    #####..
 Fulminant Prism          Conj/Hex       #.........   100%        4    #####..
 Iskenderun's Mystic Bla  Conj           #.......     100%        4    #####..
 Olgreb's Toxic Radiance  Pois           #.......     100%        4    #####..
 Summon Ice Beast         Ice/Summ       #.......     100%        4    #####..
 Venom Bolt               Conj/Pois      #.........   100%        5    ######.
 Bolt of Cold             Conj/Ice       #.........   100%        6    #######
 Statue Form              Tmut/Erth      #........    100%        6    #######
 Malign Gateway           Summ/Tloc      #.........   100%        7    #######
 Monstrous Menagerie      Summ           #.........   100%        7    #######
 Summon Greater Demon     Summ           #.........   100%        7    #######
 Summon Horrible Things   Summ           #.........   100%        8    #######


Dungeon Overview and Level Annotations

Branches:
Dungeon (11/15)            Temple (0/1) D:6            Lair (0/6) D:9
    Orc (0/2) D:11

Altars:
Dithmenos
Gozag
Okawaru
Qazlal
Ru
Sif Muna
Uskayaw
Wu Jian
Yredelemnul

Shops:
D:4 *   D:7 !   D:9 :

Annotations:
D:3 Natasha


Innate Abilities, Weirdness & Mutations

You have a pair of horns on your head.
When hurt, damage is shared between your health and your magic reserves.
You are agile. (Dex +2)
Your mind is acute. (Int +2)


Message History

Items here: ( ÷ †† an arrow; a black bear skeleton; an ugly thing corpse x2
The centaur warrior unwields a +0 shortbow.
The centaur warrior hits you but does no damage.
You slash the centaur warrior!
Lightning courses through the centaur warrior!
The centaur warrior is heavily wounded.
The centaur warrior hits you but does no damage.
The centaur warrior hits you!
* * * LOW HITPOINT WARNING * * *
Your plate armour prevents you from hitting the centaur warrior.
Your headbutt misses the centaur warrior.
The centaur warrior is heavily wounded.
The centaur warrior hits you but does no damage. x2
You hit the centaur warrior but do no damage.
Lightning courses through the centaur warrior!!
You headbutt the centaur warrior, but do no damage.
The centaur warrior is almost dead.
The centaur warrior hits you!
You die...

##############****** #
#...#≈≈≈≈≈≈≈≈≈≈≈≈≈≈** #
###########......####..#*####≈# #
#...........#....#,?#,,#,...#≈# #
#.########..≈....##.#..#,#..#≈# #
#.# #.#≈.......#..###..#≈### #.#
#.#≈###....^....F..#≈#.. #.#
##.#≈#(#.........Z.F#≈#..
#.#######...≈#.(@..≈≈≈#####Z#≈...
#.#........#≈####c.≈8≈#......≈#..
#.#.#####..#≈..,,..≈≈≈#..Zh..÷...
.#..#####..#≈......####..h...≈###
.##.....#..#≈####..',,#..####≈# #
...###..#..#≈#,,*..#.,#..#,,#≈#
..## #......≈#,**..#..#..##.#≈#
..# #......≈#,,,..#,.#.....#≈#
.## #..#...≈#,,,,,*,,+.....#≈#


You could see a centaur warrior.

Vanquished Creatures
  Gastronok (D:8)
  2 two-headed ogres (D:11)
  The ghost of yuri the Archer, a novice CeAM of Okawaru (D:6)
  An orange crystal statue (D:11)
  Pikel (D:8)
  4 ugly things (D:11)
  A manticore (D:11)
  A gargoyle (D:11)
  A troll (D:11)
  A hornet (D:11)
  Prince Ribbit (D:6)
  Grinder (D:5)
  The ghost of Ihryk the Firebug, an amateur DrFE (D:5)
  6 hippogriffs
  Sigmund (D:3)
  Grum (D:8)
  Eustachio (D:6)
  A human (D:7)
  4 hogs (D:7)
  A yak (D:11)
  A hungry ghost (D:8)
  2 black bears (D:11)
  An ice beast (D:7)
  7 orc warriors
  6 ogres
  5 sky beasts
  3 phantoms
  A crocodile (D:10)
  9 centaurs
  2 wolves (D:8)
  A big kobold (D:11)
  4 elf zombies (Ossuary)
  11 bullfrogs
  A wyvern zombie (D:11)
  2 scorpions
  4 killer bees
  13 wights
  4 howler monkeys
  A quasit (D:9)
  2 centaur zombies (Ossuary)
  6 crimson imps
  3 hounds
  8 orc priests
  A bullfrog zombie (D:11)
  Crazy Yiuf (D:2)
  6 human zombies (Ossuary)
  3 jellies (D:9)
  A bullfrog skeleton (D:9)
  4 iguanas
  Jessica (D:2)
  3 centaur skeletons
  A gnoll shaman (D:10)
  Natasha (D:3)
  11 worker ants
  12 orc wizards
  A killer bee zombie (D:5)
  2 hound zombies
  A hound skeleton (D:10)
  3 mummies (Ossuary)
  2 worker ant zombies
  4 gnolls (D:10)
  16 adders
  4 shadow imps
  An adder zombie (D:7)
  2 oozes
  6 adder skeletons
  3 worms
  A dart slug (D:1)
  8 leopard geckos
  43 orcs
  A ball python (D:3)
  11 bats
  7 giant cockroaches
  9 goblins
  11 hobgoblins
  10 jackals
  14 kobolds
  4 quokkas
  12 frilled lizards
  A jackal skeleton (D:7)
  A leopard gecko skeleton (D:4)
  A quokka skeleton (D:6)
  2 quokka zombies (D:7)
  3 rats
  3 fungi (D:2)
361 creatures vanquished.

Vanquished Creatures (others)
  A sky beast (D:8)
  2 slaves (D:8)
  An orc wizard (D:8)
  An orc (D:3)
5 creatures vanquished.

Grand Total: 366 creatures vanquished

Notes
Turn   | Place    | Note
-------+----------+-------------------------------------------
     0 | Abyss:1  | Dorkslayer the Demonspawn Abyssal Knight began the quest
                  | for the Orb.
     0 | Abyss:1  | Reached XP level 1. HP: 18/18 MP: 2/2
    33 | Abyss:1  | Noticed a chaos spawn
    35 | D:1      | Escaped the Abyss
   159 | D:1      | Reached skill level 1 in Dodging
   215 | D:1      | Reached * piety under Lugonu
   215 | D:1      | Gained mutation: You have a pair of small horns on your
                  | head. [demonic ancestry]
   215 | D:1      | Reached XP level 2. HP: 14/24 MP: 4/4
   640 | D:1      | Reached XP level 3. HP: 21/29 MP: 5/5
   928 | D:2      | Reached skill level 3 in Invocations
  1102 | D:2      | Found a stormy altar of Qazlal.
  1175 | D:2      | Noticed Jessica
  1181 | D:2      | Killed Jessica
  1181 | D:2      | Reached XP level 4. HP: 28/36 MP: 6/6
  1281 | D:2      | Found a runed translucent door.
  1282 | D:2      | Noticed Crazy Yiuf
  1291 | D:2      | Killed Crazy Yiuf
  1596 | D:2      | Reached XP level 5. HP: 26/42 MP: 7/7
  1599 | D:2      | Reached ** piety under Lugonu
  1772 | D:2      | Reached skill level 1 in Throwing
  1772 | D:2      | Reached skill level 1 in Evocations
  2339 | D:3      | Noticed Natasha
  2348 | D:3      | Killed Natasha
  2602 | D:3      | Noticed Sigmund
  2607 | D:3      | Gained mutation: You are dopey. (Int -2) [potion of
                  | mutation]
  2607 | D:3      | Gained mutation: You occasionally shout uncontrollably at
                  | your foes. [potion of mutation]
  2607 | D:3      | Gained mutation: You have a pair of horns on your head.
                  | [potion of mutation]
  2617 | D:3      | Lost mutation: You have a pair of horns on your head.
                  | [potion of mutation]
  2617 | D:3      | Lost mutation: You occasionally shout uncontrollably at
                  | your foes. [potion of mutation]
  2617 | D:3      | Lost mutation: You are dopey. (Int -2) [potion of mutation]
  2617 | D:3      | Gained mutation: You are agile. (Dex +2) [potion of
                  | mutation]
  2617 | D:3      | Gained mutation: Your mind is acute. (Int +2) [potion of
                  | mutation]
  2620 | D:3      | Killed Sigmund
  2620 | D:3      | Reached skill level 1 in Staves
  2620 | D:3      | Gained mutation: You have a pair of horns on your head.
                  | [demonic ancestry]
  2620 | D:3      | Reached XP level 6. HP: 41/48 MP: 8/8
  2662 | D:3      | Noticed Natasha
  2880 | D:3      | Reached skill level 4 in Invocations
  3184 | D:4      | Found Mola's General Store.
  3189 | D:4      | Found a sacrificial altar of Ru.
  3199 | D:4      | Found a sand-covered staircase.
  3214 | Ossuary  | Entered an ossuary
  3218 | Ossuary  | Upgraded the game from 0.24-a0-458-gfcb5e6d to
                  | 0.24-a0-517-gd52e2fb
  3278 | Ossuary  | Reached XP level 7. HP: 35/54 MP: 10/10
  3318 | Ossuary  | Identified a scroll of acquirement
  3464 | Ossuary  | Reached *** piety under Lugonu
  3550 | Ossuary  | Reached XP level 8. HP: 40/61 MP: 11/11
  3693 | D:4      | Bought 2 scrolls of identify for 52 gold pieces
  3710 | D:4      | Identified First Steps in Magic
  3825 | D:4      | Reached skill level 5 in Invocations
  3998 | D:5      | Entered Level 5 of the Dungeon
  4031 | D:5      | Noticed Grinder
  4045 | D:5      | Killed Grinder
  4045 | D:5      | Reached skill level 5 in Fighting
  4052 | D:5      | Found a runed translucent door.
  4066 | D:5      | Noticed Ihryk's ghost (amateur DrFE)
  4074 | D:5      | Killed Ihryk's ghost
  4466 | D:5      | Reached **** piety under Lugonu
  4511 | D:5      | Reached XP level 9. HP: 51/68 MP: 13/13
  4698 | D:6      | Noticed Prince Ribbit
  4700 | D:6      | Found a staircase to the Ecumenical Temple.
  4719 | D:6      | Killed Prince Ribbit
  4719 | D:6      | Reached skill level 5 in Staves
  4719 | D:6      | Reached skill level 6 in Invocations
  4751 | D:6      | Noticed Edmund
  4756 | D:6      | Noticed Edmund
  4756 | D:6      | Edmund changed into Edmund the centaur
  4760 | D:6      | Killed Edmund the centaur
  4806 | D:6      | Upgraded the game from 0.24-a0-517-gd52e2fb to
                  | 0.24-a0-520-g8fd06ad
  5057 | D:6      | Found a runed translucent gate.
  5057 | D:6      | Found a runed translucent gate.
  5057 | D:6      | Found a runed translucent gate.
  5058 | D:6      | Found an opulent altar of Gozag.
  5060 | D:6      | Noticed yuri's ghost (novice CeAM)
  5084 | D:6      | Killed yuri's ghost
  5084 | D:6      | Reached skill level 1 in Maces & Flails
  5084 | D:6      | Reached skill level 5 in Armour
  5275 | D:6      | Found an iron altar of Okawaru.
  5298 | D:6      | Noticed Eustachio
  5322 | D:6      | Killed Eustachio
  5423 | D:6      | Found a deep blue altar of Sif Muna.
  5689 | D:6      | Found an opulent altar of Gozag.
  5821 | D:7      | Reached XP level 10. HP: 58/76 MP: 15/15
  5905 | D:7      | Found an ornate altar of the Wu Jian Council.
  6042 | D:7      | Reached skill level 7 in Invocations
  6746 | D:7      | Found Quwnim's Distillery.
  6773 | D:7      | Bought a potion of resistance for 150 gold pieces
  6773 | D:7      | Bought a potion of might for 60 gold pieces
  6773 | D:7      | Bought a potion of might for 60 gold pieces
  7125 | D:8      | Found a basalt altar of Yredelemnul.
  7130 | D:8      | Found a hide-covered altar of Uskayaw.
  7262 | D:8      | Reached skill level 5 in Dodging
  7262 | D:8      | Reached skill level 5 in Evocations
  7275 | D:8      | Noticed Grum
  7290 | D:8      | Killed Grum
  7313 | D:8      | Reached ***** piety under Lugonu
  7511 | D:8      | Noticed Pikel
  7542 | D:8      | Killed Pikel
  7786 | D:8      | You fall into a shaft and drop 2 floors!
  7786 | D:10     | Entered Level 10 of the Dungeon
  7811 | D:10     | Found a stormy altar of Qazlal.
  8059 | D:8      | Noticed Gastronok
  8072 | D:8      | Killed Gastronok
  8072 | D:8      | Reached skill level 5 in Throwing
  8072 | D:8      | Reached skill level 8 in Invocations
  8072 | D:8      | Gained mutation: When hurt, damage is shared between your
                  | health and your magic reserves. [demonic ancestry]
  8072 | D:8      | Reached XP level 11. HP: 61/84 MP: 15/17
  8354 | D:9      | Found a shadowy altar of Dithmenos.
  8970 | D:9      | Found Tackier's Book Boutique.
  9013 | D:9      | Found a staircase to the Lair.
  9977 | D:10     | Identified the Reference Book on Dusty Ice
 10061 | D:11     | Found a runed translucent door.
 10078 | D:11     | Found a runed translucent door.
 10177 | D:11     | Found a runed translucent door.
 10189 | D:11     | Found a runed translucent door.
 10679 | D:11     | Found a staircase to the Orcish Mines.
 10779 | D:11     | Noticed a two-headed ogre
 10788 | D:11     | Killed a two-headed ogre
 10788 | D:11     | Reached ****** piety under Lugonu
 10866 | D:11     | HP: 1/86 [gargoyle/stone arrow (13)]
 11366 | D:11     | Reached skill level 5 in Axes
 11373 | D:11     | Noticed a white ugly thing
 11379 | D:11     | HP: 1/86 [white ugly thing (20)]
 11817 | D:11     | Noticed an orange crystal statue
 11880 | D:11     | Killed an orange crystal statue
 11946 | D:11     | Noticed a two-headed ogre
 11971 | D:11     | Killed a two-headed ogre
 12031 | D:11     | Reached XP level 12. HP: 36/94 MP: 12/18
 12448 | D:11     | Reached skill level 9 in Invocations
 12478 | D:11     | Noticed a centaur warrior
 12482 | D:11     | HP: 2/94 [centaur warrior (6)]
 12484 | D:11     | Slain by a centaur warrior

Levels and vault maps discovered:
D:1:      dpeg_arrival_simpleton_a, layout_basic, dk_noncrumbling_2,
          minmay_heptomino_h4
D:2:      minmay_thinvault, layout_basic, first_ration, grunt_qazlal_sundering,
          uniq_jessica, uniq_crazy_yiuf_cottage
D:3:      layout_loops_ring, uniq_sigmund, uniq_natasha
D:4:      layout_cave_pools, old_standard_altar, enter_ossuary_1, serial_shops,
          shop
D:5:      layout_cave_pools, ebering_ghost_reflecting_pool, uniq_grinder
D:6:      layout_loops_corners, nicolae_gozag_seed_capital, led_sif_pool,
          okawaru_ov_weapons_minmay, temple_doors_e, ebering_ghost_gozag,
          uniq_eustachio, uniq_edmund, uniq_prince_ribbit1
D:7:      minmay_chambers_of_fours, layout_basic, serial_shops,
          nicolae_shop_waterfront, basic_altar, grunt_livestock
D:8:      layout_basic, chequers_temple_overflow_statue_of_worship,
          kennysheep_path_1, uniq_grum, uniq_pikel, uniq_gastronok
D:9:      layout_irregular_city, lair_entry_dummy, serial_shops,
          nicolae_shop_waterfront, serial_co_window_serial, co_window_corner_a,
          co_window_paths_b, co_window_cross_1, co_window_corner_a,
          co_window_corner_a, co_window_2corner, co_window_unsneaky_path_e,
          co_window_of_opportunity_b, co_window_corner_b, co_window_2corner,
          co_window_4corner_a, glass_columns_b,
          grunt_dithmenos_smoke_and_mirrors
D:10:     layout_loops_ring, basic_altar
D:11:     cheibrodos_ideogram_h, layout_loops_ring, david_orc_4,
          minmay_statue_crystal_thing

Skill      XL: |  1  2  3  4  5  6  7  8  9 10 11 12 |
---------------+-------------------------------------+-----
Dodging        | 1 2 3 4 5 6 |  6.2
Armour         | 2 3 4 5 7 8 |  8.4
Axes           | 2 3 5 6 |  6.3
Invocations    | 3 4 5 6 8 9 |  9.1
Throwing       | 1 2 3 4 5 6 |  6.0
Evocations     | 1 2 3 4 5 6 |  6.3
Staves         | 1 2 3 4 5 |  5.1
Fighting       | 4 5 6 7 8 |  8.5
Maces & Flails | 2 3 |  3.2

Action                   |  1- 3 |  4- 6 |  7- 9 | 10-12 || total
-------------------------+-------+-------+-------+-------++-------
Melee: Hand axe          |   110 |    32 |       |       ||   142
       Headbutt          |     7 |    23 |    78 |   131 ||   239
       Quarterstaff      |       |   141 |   194 |       ||   335
       Flail             |       |       |   121 |   402 ||   523
       Broad axe         |       |       |       |   213 ||   213
Invok: Depart the Abyss  |     1 |       |       |       ||     1
Evoke: Wand              |       |     3 |    17 |    31 ||    51
       Fan of gales      |       |       |       |     1 ||     1
  Use: Potion            |       |    11 |     6 |    15 ||    32
       Scroll            |       |     6 |     7 |    14 ||    27
 Stab: Sleeping          |       |     2 |       |       ||     2
       Petrified         |       |       |     5 |       ||     5
       Paralysed         |       |       |     8 |    15 ||    23
       Confused          |       |       |     2 |     2 ||     4
  Eat: Chunk             |     1 |     7 |     5 |    13 ||    26
       Ration            |       |       |     1 |     3 ||     4
Armor: Leather armour    |    43 |    36 |       |       ||    79
       Ring mail         |       |    13 |    30 |       ||    43
       Plate armour      |       |       |   145 |   509 ||   654
Dodge: Dodged            |    95 |    88 |   126 |   338 ||   647

Table legend:
 A = Non-vault XP
 B = Vault XP
 C = Vault XP percentage of total XP
 D = Non-vault monster count
 E = Vault monster count
 F = Vault count percentage of total count
                 A         B        C        D         E       F
            +---------+---------+-------+---------+---------+-------
      Total |   12422 |   12576 |  50.3 |     267 |      92 |  25.6
            +---------+---------+-------+---------+---------+-------
        D:1 |      43 |       6 |  12.2 |      21 |       3 |  12.5
        D:2 |      53 |     153 |  74.3 |      25 |      17 |  40.5
        D:3 |     141 |     255 |  64.4 |      23 |       2 |   8.0
        D:4 |     343 |       0 |   0.0 |      16 |       0 |   0.0
        D:5 |     599 |     543 |  47.5 |      22 |       2 |   8.3
        D:6 |     940 |    1446 |  60.6 |      20 |       6 |  23.1
        D:7 |    1187 |    1015 |  46.1 |      33 |       8 |  19.5
        D:8 |    1514 |    3186 |  67.8 |      23 |       5 |  17.9
        D:9 |    1428 |       0 |   0.0 |      30 |       0 |   0.0
       D:10 |    1420 |       0 |   0.0 |      28 |       0 |   0.0
       D:11 |    4754 |    5185 |  52.2 |      26 |      34 |  56.7
    Ossuary |       0 |     787 | 100.0 |       0 |      15 | 100.0
            +---------+---------+-------+---------+---------+-------
